Map: [ESL] Hard Lead

Players

Astrea - Winner!

  • Race: Protoss Protoss
  • Spawn Location: 11:00

trigger

  • Race: Protoss Protoss
  • Spawn Location: 5:00

Event: ESL SC2 Masters 2023 Winter (Regional)

VOD

Have the link to the VOD?

Description

Time

  • Played on: Nov. 18, 2023, 2:11 p.m.
  • Length: 14:42

All games in this series

Show
View Real Time Build Order
Export as new Build Order

Astrea Protoss - Winner!

Build Orders: Phoenix Opening 

Get SALT Encoding   

  12  0:00  Probe  
  13  0:12  Probe  
  14  0:21  Pylon  
  14  0:24  Probe  
  15  0:39  Probe  
  15  0:40  Gateway  
  16  0:45  Assimilator  
  16  0:52  Probe  
  17  1:01  Assimilator  
  17  1:04  Probe  
  18  1:07  Pylon  
  18  1:16  Probe  
  19  1:25  Zealot (Chrono Boost)  
  19  1:28  Probe  
  19  1:29  Cybernetics Core  
  22  1:40  Probe  
  25  1:52  Probe  
  26  2:04  Probe  
  26  2:05  Sentry (Chrono Boost)  
  26  2:06  Warp Gate  
  27  2:18  Probe  
  27  2:20  Stalker (Chrono Boost)  
  30  2:30  Probe  
  28  2:37  Phoenix  
  28  2:40  Robotics Facility  
  29  2:45  Nexus  
  29  2:50  Stalker  
  30  2:56  Shield Battery  
  30  3:00  Pylon  
  30  3:04  Probe  
  31  3:18  Probe  
  32  3:29  Stargate  
  32  3:31  Probe  
  32  3:34  Warp Prism (Chrono Boost)  
  35  3:42  Pylon  
  35  3:48  Shield Battery  
  35  3:49  Probe  
  35  3:57  Probe  
  33  4:07  Probe  
  34  4:12  Phoenix (Chrono Boost), Stalker  
  38  4:18  Probe  
  38  4:19  Probe  
  40  4:27  Observer  
  40  4:30  Probe, Phoenix (Chrono Boost)  
  42  4:38  Probe  
  45  4:45  Probe  
  45  4:49  Phoenix (Chrono Boost)  
  45  4:50  Probe  
  49  4:56  Pylon  
  49  5:01  Probe  
  49  5:02  Probe  
  51  5:07  Phoenix (Chrono Boost)  
  51  5:13  Probe  
  54  5:14  Probe  
  54  5:15  Pylon  
  55  5:27  Probe  
  57  5:29  Assimilator  
  57  5:30  Assimilator  
  57  5:32  Probe  
  58  5:38  Gateway  
  58  5:39  Probe  
  57  5:44  Gateway, Probe  
  57  5:45  Gateway  
  58  5:56  Gateway  
  58  5:57  Gateway  
  58  6:02  Observer  
  58  6:03  Pylon  
  59  6:04  Probe  
  59  6:05  Probe  
  57  6:25  Gateway  
  56  6:27  Pylon  
  56  6:32  Probe x2 (Chrono Boost)  
  58  6:34  Stalker  
  58  6:35  Pylon  
  58  6:36  Stalker  
  58  6:38  Observer  
  62  6:41  Stalker x2  
  62  6:42  Probe x2 (Chrono Boost)  
  68  6:47  Probe x2 (Chrono Boost)  
  68  6:53  Stalker  
  68  6:54  Stalker  
  74  6:57  Pylon  
  74  6:58  Probe x2  
  76  7:05  Stalker x3  
  79  7:12  Probe x2 (Chrono Boost)  
  79  7:21  Sentry  
  79  7:22  Sentry, Gateway, Stalker  
  85  7:32  Shield Battery  
  85  7:33  Shield Battery x2  
  85  7:34  Stalker  
  85  7:35  Sentry  
  89  7:45  Shield Battery  
  89  7:46  Shield Battery  
  89  7:52  Observer  
  89  7:54  Probe  
  89  7:55  Probe  
  89  7:57  Sentry  
  93  8:00  Pylon  
  93  8:03  Pylon  
  93  8:07  Nexus  
  93  8:09  Probe  
  94  8:19  Probe (Chrono Boost)  
  95  8:23  Sentry x2, Stalker  
  95  8:24  Stalker x2  
  95  8:25  Probe (Chrono Boost)  
  106  8:30  Pylon  
  106  8:31  Observer  
  106  8:32  Probe (Chrono Boost)  
  108  8:35  Probe (Chrono Boost)  
  108  8:37  Probe (Chrono Boost)  
  108  8:40  Probe (Chrono Boost)  
  109  8:46  Probe (Chrono Boost)  
  107  8:51  Probe (Chrono Boost)  
  102  8:57  Probe (Chrono Boost)  
  102  8:58  Probe (Chrono Boost)  
  102  9:01  Probe (Chrono Boost)  
  96  9:05  Probe  
  96  9:09  Stalker x4  
  97  9:12  Probe  
  91  9:17  Probe  
  91  9:20  Stalker x2  
  90  9:27  Probe  
  90  9:29  Stalker  
  90  9:30  Probe  
  86  9:35  Sentry  
  86  9:36  Sentry x3  
  80  9:45  Stalker x2  
  80  9:49  Sentry  
  86  9:57  Shield Battery  
  86  9:59  Stalker  
  88  10:05  Zealot x2  
  88  10:07  Zealot  
  82  10:11  Sentry x2  
  78  10:15  Stalker  
  78  10:20  Stalker  
  78  10:25  Zealot x2  
  80  10:32  Stalker x2  
  84  10:36  Sentry  
  84  10:37  Zealot  
  84  10:40  Stalker  
  84  10:41  Shield Battery  
  90  10:45  Zealot  
  88  10:50  Zealot x2  
  82  10:57  Stalker x2  
  82  10:58  Shield Battery  
  80  11:05  Probe  
  80  11:07  Zealot x3  
  79  11:13  Stalker  
  81  11:20  Stalker x2  
  81  11:21  Sentry  
  87  11:27  Stalker  
  87  11:30  Stalker  
  91  11:38  Stalker x2  
  95  11:44  Stalker  
  97  11:49  Stalker x2  
  97  11:55  Stalker  
  93  12:03  Stalker x3  
  93  12:06  Zealot  
  95  12:12  Shield Battery  
  95  12:13  Observer  
  95  12:14  Shield Battery  
  96  12:20  Stalker x2  
  98  12:25  Zealot x2  
  98  12:29  Shield Battery  
  102  12:31  Stalker  
  102  12:33  Stalker  
  106  12:40  Immortal (Chrono Boost)  
  104  12:50  Assimilator  
  102  13:01  Stalker x5  
  102  13:02  Zealot  
  114  13:07  Pylon  
  114  13:09  Pylon  
  110  13:22  Stalker x3  
  114  13:34  Observer (Chrono Boost)  
  115  13:35  Stalker x3  
  115  13:37  Stalker  
  123  13:45  Pylon  
  123  13:53  Stalker x3  
  126  13:58  Adept  
  126  14:01  Stalker  
  124  14:13  Probe x2 (Chrono Boost)  
  125  14:23  Probe x2 (Chrono Boost)  
  127  14:26  Observer (Chrono Boost)  
  123  14:33  Stalker  
  123  14:34  Stalker x4  
Show
View Real Time Build Order
Export as new Build Order

trigger Protoss 

Build Orders: Oracle Opening 

Get SALT Encoding   

  12  0:00  Probe  
  13  0:12  Probe  
  14  0:17  Pylon  
  14  0:24  Probe (Chrono Boost)  
  16  0:37  Gateway, Probe (Chrono Boost)  
  16  0:43  Probe (Chrono Boost)  
  16  0:46  Assimilator  
  17  0:51  Probe  
  18  1:03  Probe (Chrono Boost)  
  19  1:05  Assimilator  
  19  1:11  Gateway  
  19  1:12  Probe (Chrono Boost)  
  19  1:17  Probe (Chrono Boost)  
  20  1:24  Cybernetics Core  
  21  1:29  Probe  
  22  1:34  Pylon  
  22  1:42  Probe  
  23  1:54  Probe  
  24  2:00  Stalker (Chrono Boost)  
  28  2:01  Warp Gate  
  28  2:07  Stalker (Chrono Boost)  
  28  2:12  Pylon  
  28  2:14  Probe  
  28  2:26  Probe  
  25  2:40  Probe  
  25  2:43  Adept  
  28  2:45  Adept  
  30  2:52  Probe  
  31  3:00  Stargate  
  31  3:04  Probe  
  32  3:28  Nexus  
  32  3:35  Probe  
  33  3:42  Oracle (Chrono Boost)  
  33  3:47  Probe  
  37  3:59  Probe  
  34  4:11  Probe  
  34  4:12  Phoenix (Chrono Boost)  
  34  4:17  Pylon  
  37  4:23  Probe  
  38  4:35  Probe, Phoenix (Chrono Boost)  
  41  4:44  Probe  
  42  4:48  Probe  
  42  4:51  Stargate  
  43  4:53  Phoenix (Chrono Boost)  
  43  4:55  Assimilator  
  43  4:58  Probe  
  46  5:02  Probe  
  46  5:05  Assimilator  
  47  5:10  Probe  
  47  5:11  Shield Battery  
  48  5:17  Phoenix (Chrono Boost), Probe  
  51  5:23  Probe  
  52  5:29  Probe  
  52  5:35  Probe, Phoenix (Chrono Boost)  
  56  5:38  Pylon  
  56  5:42  Probe  
  59  5:45  Phoenix (Chrono Boost)  
  59  5:47  Probe  
  60  5:54  Probe  
  63  5:57  Pylon, Phoenix (Chrono Boost)  
  63  6:00  Probe  
  64  6:08  Robotics Facility  
  64  6:09  Probe  
  65  6:15  Phoenix (Chrono Boost)  
  69  6:22  Pylon  
  69  6:23  Phoenix (Chrono Boost)  
  69  6:35  Phoenix (Chrono Boost)  
  71  6:41  Probe x2, Pylon  
  71  6:45  Stalker x2  
  77  6:50  Phoenix  
  77  6:52  Pylon  
  77  7:11  Immortal (Chrono Boost)  
  77  7:12  Stalker x2  
  82  7:21  Void Ray, Shield Battery  
  85  7:35  Stalker  
  91  7:40  Zealot  
  91  7:43  Shield Battery  
  91  8:00  Stalker  
  91  8:02  Pylon  
  93  8:08  Immortal (Chrono Boost)  
  93  8:09  Pylon  
  93  8:14  Gateway  
  93  8:15  Twilight Council  
  93  8:16  Gateway  
  93  8:26  Stalker  
  93  8:27  Pylon  
  93  8:31  Stalker  
  95  8:35  Pylon  
  95  8:39  Probe x2  
  95  8:40  Observer (Chrono Boost)  
  88  8:52  Blink (Chrono Boost)  
  88  8:53  Stalker  
  89  8:56  Immortal  
  89  8:58  Stalker  
  89  9:14  Stalker x2  
  89  9:15  Void Ray  
  89  9:20  Stalker  
  85  9:27  Stalker  
  85  9:31  Observer  
  75  9:42  Stalker x2  
  73  9:49  Stalker  
  73  9:50  Stalker  
  77  10:05  Stalker x2  
  77  10:07  Immortal  
  75  10:15  Stalker x2  
  73  10:33  Stalker x2  
  77  10:40  Stalker x2  
  81  10:49  Immortal  
  79  10:57  Stalker  
  71  11:09  Stalker x2  
  61  11:13  Stalker  
  63  11:20  Stalker  
  65  11:32  Stalker x2  
  65  11:37  Stalker  
  71  11:49  Stalker  
  65  12:04  Stalker x3  
  67  12:12  Dark Shrine  
  64  12:32  Stalker x4  
  64  12:33  Warp Prism (Chrono Boost)  
  72  12:57  Stalker x3  
  78  12:59  Stalker  
  80  13:17  Observer (Chrono Boost)  
  72  13:28  Dark Templar x4  
  80  13:40  Immortal (Chrono Boost)  
  84  13:58  Observer  
  84  14:07  Dark Templar x2  
  84  14:29  Stalker x2  
Tags
 
Add a new tag
Caveats
  • Supply blocks, unpowered buildings, or Contaminate may cause inaccurate times.
  • Supply counts are checked every 10 seconds.